[Event "RUS-chTW Premier 2019"]
[Site "Sochi"]
[Date "2019.05.09"]
[Round "8.14"]
[White "Dordzhieva, Dinara"]
[Black "Smirnova, Ekaterina"]
[Result "1-0"]
[ECO "A11"]
[WhiteElo "2280"]
[BlackElo "2204"]
[Annotator "NA"]
[PlyCount "71"]
[EventDate "2019.05.01"]
[EventType "team-tourn"]
[EventCountry "RUS"]
[SourceTitle "playchess.com"]
[Source "ChessBase"]
[SourceQuality "1"]
[TimeControl "40/5400+30:1800+30"]

1. c4 c6 2. Nf3 d5 3. g3 Nf6 4. Bg2 Bg4 5. Ne5 Be6 6. cxd5 Bxd5 7. Nf3 c5 8. Nc3 Bc6 9. O-O e6 10. Re1 Be7 11. e4 O-O 12. d4 cxd4 13. Nxd4 e5 14. Nf5 Bc5 15. Qf3 Nbd7 16. Bg5 Qb6 17. Rab1 a5 18. a3 $16 a4 19. Red1 Qb3 20. Rd3 Bb5 21. Rd2 Ra6 22. Nxb5 Qxb5 23. Bf1 Qb3 24. Qxb3 axb3 25. Bxa6 bxa6 26. Be3 g6 27. Bxc5 Nxc5 28. Ne7+ Kg7 29. f3 Ne6 30. Nc6 Re8 31. Rd3 Nc5 32. Rc3 Nfd7 33. Rbc1 Na4 34. Rxb3 Ndc5 35. Re3 Re6 36. b3 1-0

[Event "RUS-chTW Premier 2019"]
[Site "Sochi"]
[Date "2019.05.09"]
[Round "8.15"]
[White "Tishova, Svetlana"]
[Black "Maltsevskaya, Aleksandra"]
[Result "0-1"]
[ECO "B40"]
[WhiteElo "2093"]
[BlackElo "2299"]
[Annotator "ChessBase"]
[PlyCount "92"]
[EventDate "2019.05.01"]
[EventType "team-tourn"]
[EventCountry "RUS"]
[SourceTitle "playchess.com"]
[Source "ChessBase"]
[SourceQuality "1"]
[TimeControl "40/5400+30:1800+30"]

1. e4 c5 2. Nf3 e6 3. c4 Nc6 4. Nc3 Nd4 5. Nxd4 cxd4 6. Ne2 Nf6 7. d3 Qb6 8. g3 g6 9. Bg2 Bg7 10. O-O O-O 11. h3 Ne8 12. Rb1 a5 13. Qa4 Nc7 14. Bd2 d6 15. Kh2 e5 16. f4 Qc6 17. Qa3 f6 18. b3 Bd7 19. Qb2 Ne6 20. a3 b5 21. Rfc1 Nc5 22. Qc2 Qa6 23. b4 axb4 24. axb4 Na4 25. g4 Rfc8 26. Qb3 bxc4 27. Rxc4 Rxc4 28. dxc4 Be6 29. b5 Qc8 30. Rc1 Nc5 31. Qb1 Bh6 32. g5 fxg5 33. fxe5 Bg7 34. Bxg5 Bxe5+ 35. Bf4 Ra3 36. Bxe5 dxe5 37. Ng1 Rb3 38. Qa2 Rxb5 39. Nf3 Rb3 40. Qa7 Rb7 41. Qa3 Rb3 42. Qa7 Rb2 43. Qa3 Re2 44. Nxe5 Qc7 45. Qg3 Nxe4 46. Qf4 g5 0-1

[Event "RUS-chTW Premier 2019"]
[Site "Sochi"]
[Date "2019.05.09"]
[Round "8.16"]
[White "Diakonova, Ekaterina"]
[Black "Ivanova, Karina"]
[Result "1/2-1/2"]
[ECO "C00"]
[WhiteElo "2211"]
[BlackElo "2096"]
[Annotator "NA"]
[PlyCount "134"]
[EventDate "2019.05.01"]
[EventType "team-tourn"]
[EventCountry "RUS"]
[SourceTitle "playchess.com"]
[Source "ChessBase"]
[SourceQuality "1"]
[TimeControl "40/5400+30:1800+30"]

1. e4 e6 2. d3 d5 3. Nd2 c5 4. g3 Nc6 5. Bg2 g6 6. Ne2 Bg7 {[%emt 0:00:19] C00: French: Unusual White 2nd moves} 7. O-O Nge7 8. exd5 (8. f4 O-O 9. c3 a5 10. a4 b6 11. e5 f6 12. exf6 Bxf6 13. Nf3 d4 14. cxd4 cxd4 15. Ne5 Bb7 16. Qb3 Nd5 17. Nxc6 Bxc6 {0-1 (46) Movsziszian,K (2556)-Barsov,A (2505) Sort 2009}) 8... Nxd5 9. Ne4 b6 10. c4 Nde7 11. Bg5 Bb7 12. Nf6+ Kf8 13. f4 $146 ({Predecessor:} 13. Ne4 Bxb2 {1-0 (25) Stock,C-Donko,M (2240) Kecskemet 1990}) 13... Qc7 14. g4 h6 15. Bh4 Rd8 16. Nc3 Nb4 17. Bxb7 Qxb7 18. Nce4 h5 19. gxh5 gxh5 20. Qe2 Nf5 21. Nh7+ Rxh7 22. Bxd8 {[%emt 0:00:06] [#]} Bd4+ (22... Nd4 $1 $17 23. Qg2 Ndc2) 23. Kh1 f6 24. Qf3 $11 Nh4 25. Qh3 Nf5 26. Rg1 Qa8 27. Bc7 Na6 28. Bd6+ Nxd6 $15 29. Qxe6 Nf7 30. Rg6 Nc7 31. Qf5 Ne8 32. Rb1 Ng7 33. Qd5 Qxd5 34. cxd5 Ne8 35. b4 f5 36. Ng3 Ned6 37. bxc5 Bxc5 38. Ne2 b5 39. Rc1 Bb6 40. Re6 Rh6 41. Rc6 Kg7 42. Ng3 h4 43. Rxh6 Nxh6 44. Nh5+ Kg6 45. Rxd6+ Kxh5 46. Rf6 Bd4 47. Re6 h3 48. d6 Nf7 49. d7 Kg4 50. Re8 Bb6 51. Rf8 Nd8 52. Rh8 b4 53. d4 a5 54. Rh6 Bxd4 55. Ra6 Kxf4 56. Ra8 Bf6 57. Rxa5 Be7 58. Kg1 Kg4 59. Re5 Bg5 60. Rb5 Nc6 61. Kf1 Be7 62. Rb6 Nd8 63. Rh6 f4 64. Rg6+ Bg5 65. Rb6 Be7 66. Rg6+ Kf3 67. Rh6 Kg4 1/2-1/2

[Event "RUS-chTW Premier 2019"]
[Site "Sochi"]
[Date "2019.05.10"]
[Round "9.1"]
[White "Ushenina, Anna"]
[Black "Goltseva, Ekaterina"]
[Result "0-1"]
[ECO "D41"]
[WhiteElo "2442"]
[BlackElo "2284"]
[Annotator "NA"]
[PlyCount "90"]
[EventDate "2019.05.01"]
[EventType "team-tourn"]
[EventCountry "RUS"]
[SourceTitle "playchess.com"]
[Source "ChessBase"]
[SourceQuality "1"]
[TimeControl "40/5400+30:1800+30"]

1. d4 d5 2. Nf3 Nf6 3. c4 e6 4. Nc3 c5 5. cxd5 Nxd5 6. e4 Nxc3 7. bxc3 cxd4 8. cxd4 Bb4+ 9. Bd2 Bxd2+ 10. Qxd2 O-O 11. Rd1 {[%emt 0:12:25] D41: Queen's Gambit Declined: Semi-Tarrasch with 5 cxd5} (11. Rc1 b6 12. Bd3 Bb7 13. Qe3 Nc6 14. O-O Rc8 15. Bb1 Qe7 16. Rfd1 Na5 17. h4 Rxc1 18. Rxc1 Rc8 19. Rxc8+ Bxc8 {½-½ (29) Nakamura,H (2746)-Dominguez Perez,L (2739) Saint Louis 2019}) 11... b6 12. Qe3 Bb7 13. Bd3 Nc6 $146 ({Predecessor:} 13... Qe7 14. O-O Nd7 15. e5 Bxf3 16. Qxf3 Rfd8 17. Rfe1 Nf8 18. Be4 Rac8 19. Qb3 {½-½ (32) Michalis,C (1541)-Aggelakis,I (1654) Rio 2018}) 14. O-O Re8 15. Bb1 h6 16. Rfe1 Rc8 17. d5 exd5 18. e5 Ba6 19. Qf4 Bc4 20. h4 Re6 21. Bf5 Bxa2 22. Bxe6 fxe6 23. Re3 Qe7 24. Nh2 b5 25. Rg3 Kh7 26. Ng4 Rf8 27. Qd2 Bc4 28. Qc2+ Kh8 29. Qd2 Rf7 30. Ra1 b4 31. Re1 b3 32. Ree3 Qb4 33. Qb2 Ne7 34. Ref3 Rxf3 35. Rxf3 Nf5 36. h5 Be2 37. Qxb3 Qxg4 38. Rh3 Bc4 39. Qb8+ Kh7 40. Qe8 Nd4 41. Kh2 Ne2 42. g3 Bd3 43. Qf7 Bf5 44. Rh4 Qf3 45. Qxa7 d4 0-1

[Event "RUS-chTW Premier 2019"]
[Site "Sochi"]
[Date "2019.05.10"]
[Round "9.2"]
[White "Vifleemskaia, Svetlana"]
[Black "Pogonina, Natalija"]
[Result "0-1"]
[ECO "C54"]
[WhiteElo "1969"]
[BlackElo "2453"]
[Annotator "ChessBase"]
[PlyCount "117"]
[EventDate "2019.05.01"]
[EventType "team-tourn"]
[EventCountry "RUS"]
[SourceTitle "playchess.com"]
[Source "ChessBase"]
[SourceQuality "1"]
[TimeControl "40/5400+30:1800+30"]

1. e4 e5 2. Nf3 Nc6 3. Bc4 Bc5 4. c3 Nf6 5. d4 exd4 6. e5 d5 7. Bb5 Ne4 8. cxd4 Bb6 9. Nc3 O-O 10. Be3 Nxc3 11. bxc3 f6 12. exf6 Qxf6 13. Qb3 Ne7 14. Bd3 c6 15. O-O h6 16. Rae1 Bf5 17. Bxf5 Nxf5 18. Ne5 Rad8 19. Bc1 Rfe8 20. Ba3 h5 21. Nf3 Nh4 22. Nxh4 Qxh4 23. Qc2 Bc7 24. g3 Qg4 25. Be7 Rd7 26. f3 Qh3 27. Ba3 Re6 28. Qg2 Qxg2+ 29. Kxg2 Rxe1 30. Rxe1 Kf7 31. f4 Bd8 32. Kf3 g6 33. h3 b6 34. g4 Bf6 35. Re3 Bg7 36. g5 Bh8 37. h4 Bg7 38. f5 c5 39. dxc5 bxc5 40. Bxc5 gxf5 41. Kf4 Rc7 42. Bd4 Bxd4 43. cxd4 Rc2 44. Ra3 Rf2+ 45. Ke5 f4 46. Rxa7+ Kg6 47. Ra6+ Kg7 48. Kf5 f3 49. Ra7+ Kf8 50. Kf6 Re2 51. g6 Re8 52. Rf7+ Kg8 53. Kg5 Rf8 54. Rh7 f2 55. Kh6 Rf6 56. Rg7+ Kf8 57. Rb7 f1=Q 58. Kh7 Qd3 59. Rg7 0-1

[Event "RUS-chTW Premier 2019"]
[Site "Sochi"]
[Date "2019.05.10"]
[Round "9.3"]
[White "Guseva, Marina"]
[Black "Shendrik, Zhanna"]
[Result "1-0"]
[ECO "D37"]
[WhiteElo "2402"]
[BlackElo "1954"]
[Annotator "NA"]
[PlyCount "61"]
[EventDate "2019.05.01"]
[EventType "team-tourn"]
[EventCountry "RUS"]
[SourceTitle "playchess.com"]
[Source "ChessBase"]
[SourceQuality "1"]
[TimeControl "40/5400+30:1800+30"]

1. d4 Nf6 2. c4 e6 3. Nf3 d5 4. Nc3 Be7 5. Bf4 O-O 6. e3 c6 7. Bd3 Nbd7 8. cxd5 exd5 9. Qc2 Re8 10. h3 Nf8 11. O-O Ng6 12. Bh2 Bd6 13. Bxd6 Qxd6 14. Rab1 a5 {[%emt 0:06:00] D35: Queen's Gambit Declined: Exchange Variation} 15. a3 {[%emt 0:00:05] [#]} Nf8 $146 ({Predecessor:} 15... Bd7 16. b4 axb4 17. axb4 Qe7 18. Rfc1 Ne4 19. b5 Ng5 20. Qd1 Bxh3 21. Bxg6 fxg6 22. gxh3 {1-0 (34) Khismatullin,D (2617)-Riazantsev,A (2651) Sochi 2016}) 16. Rfc1 h6 17. b4 g5 (17... axb4 $142 18. axb4 N6d7) 18. Ne5 N6d7 19. Nxd7 Bxd7 20. bxa5 {[%emt 0:13:07] Discovered Attack} Qxa3 21. Rxb7 Rxa5 22. Ne2 c5 23. dxc5 Ba4 24. Qb1 $18 Rxc5 25. Rxc5 Qxc5 26. Nd4 Bd7 27. Bf5 Be6 28. Qb2 Re7 29. Rb8 Qd6 30. Rxf8+ Kxf8 31. Nb5 1-0

[Event "RUS-chTW Premier 2019"]
[Site "Sochi"]
[Date "2019.05.10"]
[Round "9.4"]
[White "Zavivaeva, Emilia"]
[Black "Kovanova, Baira"]
[Result "0-1"]
[ECO "C47"]
[WhiteElo "1789"]
[BlackElo "2349"]
[Annotator "NA"]
[PlyCount "104"]
[EventDate "2019.05.01"]
[EventType "team-tourn"]
[EventCountry "RUS"]
[SourceTitle "playchess.com"]
[Source "ChessBase"]
[SourceQuality "1"]
[TimeControl "40/5400+30:1800+30"]

1. e4 e5 2. Nf3 Nc6 3. Nc3 Nf6 4. d4 exd4 5. Nxd4 Bc5 6. Nxc6 bxc6 7. Bd3 O-O 8. O-O Re8 {[%emt 0:02:26] C47: Scotch Four Knights and Four Knights with 4 g3} 9. Bg5 h6 10. Bf4 (10. Bh4 Rb8 11. Kh1 d5 12. exd5 cxd5 13. Nxd5 Qxd5 14. Bxf6 Bb7 15. Qg4 Qxg2+ 16. Qxg2 Bxg2+ 17. Kxg2 gxf6 18. b3 {1-0 (64) Artemiev,V (2691)-Mamedyarov,S (2799) Moscow 2017}) 10... d6 $146 ({Predecessor:} 10... Rb8 11. Re1 d6 12. Na4 Bg4 13. Qd2 Bb4 14. c3 Ba5 15. b4 Bb6 16. Nxb6 axb6 {0-1 (35) Kalairajah,S (1830)-Spanton,T (1978) Hastings 2011}) 11. h3 Bd4 12. Re1 Nd7 13. Bc4 Qf6 14. Bg3 Nc5 15. Qh5 Be6 16. Bxe6 Rxe6 17. Qf3 Qe7 ({Black should try} 17... Rb8 $17 18. Qxf6 gxf6) 18. Rad1 $1 Rf6 19. Qg4 Bxc3 20. bxc3 Rg6 21. Qf3 Re6 22. Rd4 Re8 23. e5 dxe5 24. Rc4 a5 25. Qe3 Nd7 26. Qf3 e4 27. Qe3 Nb6 28. Rd4 f5 29. Qd2 c5 30. Rd5 Nxd5 31. Qxd5 Qf7 32. Qxc5 f4 33. Bh2 e3 34. fxe3 fxe3 35. Bg3 e2 36. Qxc7 Qg6 37. Bf2 Qxc2 38. Qxa5 Qe4 39. c4 Qxc4 40. Qd2 Rf8 41. Bg3 Rf1+ 42. Kh2 Rxe1 43. Bxe1 Ra6 44. Qe3 Rxa2 45. Qe5 Rc2 46. Qb8+ Kh7 47. Qb1 Qd3 48. h4 $19 Qe4 49. Kg1 Qf5 50. Kh2 Rc5 51. Qb4 Rc1 52. Qd2 Rxe1 0-1

[Event "RUS-chTW Premier 2019"]
[Site "Sochi"]
[Date "2019.05.10"]
[Round "9.5"]
[White "Ovod, Evgenija"]
[Black "Borisova, Ekaterina"]
[Result "1-0"]
[ECO "B50"]
[WhiteElo "2362"]
[BlackElo "2292"]
[Annotator "NA"]
[PlyCount "69"]
[EventDate "2019.05.01"]
[EventType "team-tourn"]
[EventCountry "RUS"]
[SourceTitle "playchess.com"]
[Source "ChessBase"]
[SourceQuality "1"]
[TimeControl "40/5400+30:1800+30"]

1. e4 c5 2. Nf3 d6 3. d4 Nf6 4. Bb5+ Bd7 5. Bxd7+ Qxd7 6. dxc5 {[%emt 0:00:08] B53: Sicilian: 2...d6: Lines with Qxd4} dxc5 7. Qe2 Nc6 (7... Qc6 8. Nc3 Nbd7 9. Bf4 a6 10. O-O-O e6 11. Rd2 Be7 12. Rhd1 O-O-O 13. Bd6 Bxd6 14. Rxd6 {1-0 (45) Andreikin,D (2733)-Adly,A (2603) Abu Dhabi 2016}) 8. O-O e6 9. Bf4 $146 ({Predecessor:} 9. Bg5 Be7 10. Rd1 Qc7 11. Nc3 O-O 12. e5 Ne8 13. Bxe7 Nxe7 {1-0 (39) Khegay,D (2478)-Tsoi,D (2262) Moscow 2017}) 9... Be7 10. Nc3 a6 11. Rad1 Qc8 12. e5 Nd7 13. Ne4 O-O 14. Bg5 Qc7 15. Bxe7 Nxe7 16. Neg5 Ng6 17. Nxh7 $1 Rfd8 ({Of course not} 17... Kxh7 18. Ng5+ Kg8 19. Qh5 $18) 18. Nhg5 Ndxe5 19. Nd2 Rd4 20. g3 Rad8 $11 21. f4 Nc6 22. c3 R4d5 23. Nde4 Nce7 24. Qh5 Nf5 25. Rxd5 exd5 26. Nf6+ gxf6 27. Qh7+ Kf8 28. Ne6+ fxe6 29. Qxc7 Re8 30. Qxc5+ Kf7 31. g4 Nfh4 32. f5 Ne5 33. fxe6+ Rxe6 34. Qxd5 Nxg4 35. Qd7+ 1-0

[Event "RUS-chTW Premier 2019"]
[Site "Sochi"]
[Date "2019.05.10"]
[Round "9.6"]
[White "Smirnova, Ekaterina"]
[Black "Belenkaya, Dina"]
[Result "0-1"]
[ECO "D00"]
[WhiteElo "2204"]
[BlackElo "2315"]
[Annotator "ChessBase"]
[PlyCount "152"]
[EventDate "2019.05.01"]
[EventType "team-tourn"]
[EventCountry "RUS"]
[SourceTitle "playchess.com"]
[Source "ChessBase"]
[SourceQuality "1"]
[TimeControl "40/5400+30:1800+30"]

1. d4 d5 2. Bf4 c5 3. e3 Nc6 4. c3 Nf6 5. Nd2 e6 6. Ngf3 Bd6 7. Bxd6 Qxd6 8. Bb5 O-O 9. O-O b6 10. Bxc6 Qxc6 11. Ne5 Qc7 12. f4 Ne8 13. a4 a5 14. Qb1 f6 15. Nef3 Nd6 16. g4 Kh8 17. Rc1 Ba6 18. b4 Rab8 19. dxc5 bxc5 20. b5 Bb7 21. Rf1 Rbe8 22. Qe1 Qf7 23. Nb3 Qc7 24. Nbd2 Rc8 25. Qh4 Qf7 26. Qg3 Ba8 27. Rac1 Rfd8 28. Rfd1 Qb7 29. Kf2 Re8 30. Kg1 Kg8 31. Kf2 Qe7 32. Kg1 Rcd8 33. Qh4 Qf7 34. Qg3 Qb7 35. Kf2 Rd7 36. Qg1 e5 37. f5 Nf7 38. Qg3 e4 39. Ne1 Ne5 40. h3 Qb6 41. Kg1 Red8 42. Nf1 Nc4 43. Qf2 Ne5 44. Qg3 Bb7 45. Qf2 Rd6 46. Qg3 R8d7 47. Qf2 Qd8 48. Qa2 Kh8 49. Qa3 Rc7 50. Qa2 g6 51. Ng3 Bc8 52. Qf2 Bb7 53. Qd2 Rcd7 54. Qf2 Rg7 55. Qd2 Nc4 56. Qf2 Bc8 57. Kh1 Nb6 58. Ra1 Qe8 59. Qf4 Nc4 60. Ng2 Qe7 61. Rac1 g5 62. Qf2 Qe5 63. Nh5 Rgd7 64. Qg3 Qe8 65. Qf2 Rd8 66. Rc2 Nb6 67. Ra2 Qe5 68. Qc2 Bd7 69. Raa1 Be8 70. Qf2 Bxh5 71. gxh5 Qxc3 72. h4 Qe5 73. h6 d4 74. exd4 cxd4 75. Rac1 e3 76. Qe2 Qxf5 0-1

[Event "RUS-chTW Premier 2019"]
[Site "Sochi"]
[Date "2019.05.10"]
[Round "9.7"]
[White "Styazhkina, Anna"]
[Black "Tishova, Svetlana"]
[Result "1-0"]
[ECO "C07"]
[WhiteElo "2272"]
[BlackElo "2093"]
[Annotator "NA"]
[PlyCount "81"]
[EventDate "2019.05.01"]
[EventType "team-tourn"]
[EventCountry "RUS"]
[SourceTitle "playchess.com"]
[Source "ChessBase"]
[SourceQuality "1"]
[TimeControl "40/5400+30:1800+30"]

1. e4 e6 2. d4 d5 3. Nd2 c5 4. dxc5 Bxc5 5. Bd3 Ne7 6. Qe2 Nbc6 7. c3 a6 8. a4 O-O 9. Ngf3 Ng6 10. Nb3 dxe4 11. Bxe4 Bd6 12. O-O Qc7 13. h4 Nf4 14. Bxf4 Bxf4 15. g3 Bd6 16. Rad1 f5 (16... Rd8 $11) 17. Bd3 ({White should play} 17. Bxc6 $1 $16 bxc6 18. Nbd2) 17... Rf6 18. Nbd4 e5 $18 (18... Bd7 $11 {and Black has nothing to worry.}) 19. Bc4+ Kh8 20. Nxc6 bxc6 21. Ng5 Bf8 22. Ba2 Bb7 23. Nxh7 Rh6 24. Ng5 c5 25. Nf7+ Kh7 26. Nxh6 Kxh6 27. Qc4 Qc6 28. Qe6+ g6 29. Qxc6 Bxc6 30. Bd5 Rc8 31. Bxc6 Rxc6 32. Rd8 Be7 33. Rd7 Re6 34. Rfd1 e4 35. Rb7 Kh5 36. Kg2 Kg4 37. a5 f4 38. Rb6 f3+ 39. Kh2 Rf6 40. Rd5 Rxb6 41. axb6 1-0

[Event "RUS-chTW Premier 2019"]
[Site "Sochi"]
[Date "2019.05.10"]
[Round "9.8"]
[White "Ivanova, Karina"]
[Black "Balaian, Alina"]
[Result "0-1"]
[ECO "A00"]
[WhiteElo "2096"]
[BlackElo "2250"]
[Annotator "ChessBase"]
[PlyCount "122"]
[EventDate "2019.05.01"]
[EventType "team-tourn"]
[EventCountry "RUS"]
[SourceTitle "playchess.com"]
[Source "ChessBase"]
[SourceQuality "1"]
[TimeControl "40/5400+30:1800+30"]

1. g3 Nf6 2. Bg2 g6 3. d4 d5 4. Nf3 Bg7 5. O-O O-O 6. c4 dxc4 7. Na3 Na6 8. Nxc4 c5 9. b3 Be6 10. Bb2 Bd5 11. Rc1 Rc8 12. dxc5 Nxc5 13. Ne3 Be4 14. Qxd8 Rfxd8 15. Rfd1 Rxd1+ 16. Nxd1 Rd8 17. h4 b6 18. Kf1 Bh6 19. Ng5 Bxg2+ 20. Kxg2 Ng4 21. Rb1 f6 22. Nf3 Ne4 23. Kf1 e5 24. Ke1 Kf7 25. e3 Nc5 26. Ke2 Nd3 27. Bc3 Bf8 28. Nd2 f5 29. f3 Nf6 30. Nb2 Nxb2 31. Rxb2 Ke6 32. e4 Rc8 33. Kd3 Nh5 34. Nf1 fxe4+ 35. fxe4 Rd8+ 36. Ke2 Nf6 37. Nd2 Bh6 38. Nf3 Nxe4 39. Bxe5 Rd5 40. Bb8 Nc3+ 41. Kf1 a6 42. Rc2 Rd1+ 43. Kg2 Nd5 44. Re2+ Ne3+ 45. Kh2 Kf5 46. Ba7 Ke4 47. Ne1 Rd6 48. g4 Bf4+ 49. Kh3 g5 50. h5 Rc6 51. a4 a5 52. Ng2 Kf3 53. Nxf4 gxf4 54. Rd2 Nxg4 55. Kh4 h6 56. Rd3+ Ne3 57. Kh3 Rc5 58. Kh2 Rxh5+ 59. Kg1 Rg5+ 60. Kh2 Kf2 61. Rd2+ Kf1 0-1

[Event "RUS-chTW Premier 2019"]
[Site "Sochi"]
[Date "2019.05.10"]
[Round "9.9"]
[White "Schepetkova, Margarita"]
[Black "Shuvalova, Polina"]
[Result "1/2-1/2"]
[ECO "E01"]
[WhiteElo "2224"]
[BlackElo "2439"]
[Annotator "ChessBase"]
[PlyCount "110"]
[EventDate "2019.05.01"]
[EventType "team-tourn"]
[EventCountry "RUS"]
[SourceTitle "playchess.com"]
[Source "ChessBase"]
[SourceQuality "1"]
[TimeControl "40/5400+30:1800+30"]

1. d4 Nf6 2. c4 e6 3. g3 d5 4. Bg2 Bb4+ 5. Nd2 O-O 6. Ngf3 dxc4 7. Qc2 a5 8. O-O b5 9. a4 c6 10. b3 cxb3 11. Nxb3 bxa4 12. Nc5 Nbd7 13. Nd3 Ba6 14. Nxb4 axb4 15. Rxa4 Nd5 16. Re1 Qb6 17. Ng5 g6 18. Bb2 Qb5 19. Raa1 N7b6 20. Qe4 h6 21. Nf3 Nc4 22. Bc1 Kg7 23. Qh4 Rh8 24. e4 Nc3 25. d5 cxd5 26. exd5 Nxd5 27. Nd4 Qd7 28. Bxd5 Qxd5 29. Nxe6+ fxe6 30. Qe7+ Kg8 31. Rxe6 Qd1+ 32. Kg2 Ne5 33. Rxg6+ Nxg6 34. Qe6+ Kf8 35. Bxh6+ Rxh6 36. Qf5+ Kg7 37. Rxd1 Bb7+ 38. Kg1 Bc6 39. Rc1 Rf8 40. Qg5 Bd7 41. Rc7 Rf7 42. h4 b3 43. h5 b2 44. Rb7 Bc6 45. Rxf7+ Kxf7 46. hxg6+ Kg7 47. Qe7+ Kxg6 48. Qe6+ Kg7 49. Qe7+ Kg8 50. Qd8+ Kf7 51. Qc7+ Ke8 52. Qc8+ Ke7 53. Qc7+ Ke8 54. Qc8+ Ke7 55. Qc7+ Ke8 1/2-1/2

[Event "RUS-chTW Premier 2019"]
[Site "Sochi"]
[Date "2019.05.10"]
[Round "9.10"]
[White "Kovalevskaya, Ekaterina"]
[Black "Trapeznikova, Darya"]
[Result "1-0"]
[ECO "C47"]
[WhiteElo "2413"]
[BlackElo "2090"]
[Annotator "NA"]
[PlyCount "55"]
[EventDate "2019.05.01"]
[EventType "team-tourn"]
[EventCountry "RUS"]
[SourceTitle "playchess.com"]
[Source "ChessBase"]
[SourceQuality "1"]
[TimeControl "40/5400+30:1800+30"]

1. e4 e5 2. Nf3 Nc6 3. Nc3 Nf6 4. g3 Be7 5. Bg2 O-O 6. O-O d6 7. h3 h6 8. d4 exd4 9. Nxd4 Nxd4 10. Qxd4 Re8 11. b3 Be6 12. Bb2 c6 13. Rad1 Qc7 14. f4 Qb6 15. Qxb6 axb6 16. a4 Rad8 17. Kh2 Bd7 18. Rf2 Nh7 $16 19. Rfd2 f5 20. e5 d5 21. Bxd5+ cxd5 22. Nxd5 Kf7 23. Nxe7 Kxe7 24. Ba3+ Ke6 25. Rd6+ Kf7 26. Rxd7+ Rxd7 27. Rxd7+ Kg8 28. Rxb7 1-0

[Event "RUS-chTW Premier 2019"]
[Site "Sochi"]
[Date "2019.05.10"]
[Round "9.11"]
[White "Chan, Naruna"]
[Black "Bivol, Alina"]
[Result "0-1"]
[ECO "C08"]
[WhiteElo "1985"]
[BlackElo "2393"]
[Annotator "NA"]
[PlyCount "74"]
[EventDate "2019.05.01"]
[EventType "team-tourn"]
[EventCountry "RUS"]
[SourceTitle "playchess.com"]
[Source "ChessBase"]
[SourceQuality "1"]
[TimeControl "40/5400+30:1800+30"]

1. e4 e6 2. d4 d5 3. Nd2 c5 4. exd5 exd5 5. Ngf3 Nf6 6. Bb5+ Bd7 7. Bxd7+ Nbxd7 8. O-O Be7 9. Re1 O-O 10. dxc5 Nxc5 11. Nb3 {[%emt 0:01:41] C08: French Tarrasch: 3...c5 4 exd5 exd5 sidelines} (11. Nf1 Re8 12. Be3 Qd7 13. c3 a5 14. Bd4 Rac8 15. Ne3 Nfe4 16. Ne5 Qd8 17. Qh5 g6 18. Qf3 f5 19. Nxf5 gxf5 20. Qxf5 {½-½ (91) Rublevsky,S (2683)-Savchenko,B (2585) Sochi 2017}) 11... Nce4 12. h3 Re8 13. Be3 Qd7 14. c3 b5 $146 ({Predecessor:} 14... Bd6 15. Qd3 Qa4 16. Nfd4 Rad8 17. Qb5 Qxb5 18. Nxb5 {0-1 (40) Bergsson,S (2192)-Avalyan,A (2315) Paracin 2018}) 15. Qd3 a5 16. Red1 Qb7 17. Nbd4 b4 18. cxb4 axb4 19. Nf5 Bc5 20. Bxc5 Nxc5 21. Qd4 Ne6 22. Qh4 Qb6 23. Nh6+ (23. Ne5 $5 Nf8 24. Ng4 Nxg4 25. Qxg4 $14) 23... Kf8 24. Ng4 Nxg4 25. hxg4 Kg8 26. Rxd5 Nf4 27. Rd2 Ng6 28. Qh2 Red8 29. Qg3 Rxd2 30. Nxd2 Qd4 31. Qf3 Re8 32. Nb3 Qxb2 33. Qd1 Nf4 34. Qd2 Ne2+ 35. Kf1 Qe5 36. f3 $19 (36. Qd7 {is a better defense.}) 36... Qh2 37. Kf2 Nf4 0-1

[Event "RUS-chTW Premier 2019"]
[Site "Sochi"]
[Date "2019.05.10"]
[Round "9.12"]
[White "Voit, Daria"]
[Black "Azimova, Karina"]
[Result "1/2-1/2"]
[ECO "A21"]
[WhiteElo "2340"]
[BlackElo "2072"]
[Annotator "NA"]
[PlyCount "77"]
[EventDate "2019.05.01"]
[EventType "team-tourn"]
[EventCountry "RUS"]
[SourceTitle "playchess.com"]
[Source "ChessBase"]
[SourceQuality "1"]
[TimeControl "40/5400+30:1800+30"]

1. c4 d6 2. Nc3 e5 3. Nf3 f5 4. d4 e4 5. Ng5 Be7 6. Nh3 Nf6 7. e3 c6 8. Be2 O-O 9. O-O Kh8 10. d5 Nbd7 11. b3 Ne5 12. Bb2 Qe8 13. dxc6 bxc6 14. Ba3 Qg6 (14... Be6 $11) 15. Bxd6 Rd8 16. c5 Nf7 $16 17. Nf4 Qh6 18. Bxe7 Rxd1 19. Raxd1 g5 20. Bc4 Kg7 21. Nh3 a5 22. Rd4 Ra7 23. Bxf6+ Qxf6 24. Rfd1 Be6 25. Bxe6 Qxe6 26. Na4 Qe7 27. Kf1 h6 28. Ng1 Qe5 29. h3 Re7 30. Ne2 f4 31. Kg1 Qf5 32. Nac3 h5 33. Rc4 h4 34. Nd4 Qc8 35. Nc2 Qf5 36. Nd4 Qc8 37. Nc2 Qf5 38. Nd4 Qc8 39. Nc2 1/2-1/2

[Event "RUS-chTW Premier 2019"]
[Site "Sochi"]
[Date "2019.05.10"]
[Round "9.13"]
[White "Loskutova, Viktoriya"]
[Black "Badelka, Olga"]
[Result "0-1"]
[ECO "B32"]
[WhiteElo "2096"]
[BlackElo "2383"]
[Annotator "NA"]
[PlyCount "76"]
[EventDate "2019.05.01"]
[EventType "team-tourn"]
[EventCountry "RUS"]
[SourceTitle "playchess.com"]
[Source "ChessBase"]
[SourceQuality "1"]
[TimeControl "40/5400+30:1800+30"]

1. e4 c5 2. Nf3 Nc6 3. d4 cxd4 4. Nxd4 e5 5. Nb5 d6 6. c4 Be7 7. N1c3 a6 8. Na3 f5 9. exf5 Bxf5 10. Bd3 Be6 11. Nc2 Nf6 {[%emt 0:00:51] B32: Sicilian: Löwenthal and Kalashnikov Variations} 12. O-O Qd7 (12... O-O 13. b3 Qd7 14. Bb2 Bd8 15. Ne4 Bb6 16. Qe2 Rad8 17. Kh1 Nxe4 18. Bxe4 {½-½ (50) Yu,Y (2764)-Potapov,P (2516) St Petersburg 2018}) 13. Ne3 O-O 14. Ncd5 Bd8 15. b3 Nd4 16. Bb2 Nxd5 17. cxd5 Bf7 18. Nc2 $146 ({Predecessor:} 18. Bxd4 exd4 19. Bf5 {0-1 (39) Isaev,J (2440)-Fedorov,A (2564) Bled 2002}) 18... Nxc2 19. Qxc2 h6 20. Be4 Bb6 21. Kh1 Qg4 22. Qd3 Be8 23. a4 Bd7 24. f3 Qh4 25. Bc3 Rac8 26. Be1 Qf6 $11 27. Bd2 Bc5 28. Rfc1 g5 29. Be3 Bxe3 30. Qxe3 Qf4 31. Qxf4 exf4 32. Kg1 Kf7 33. Kf2 Kf6 34. Ke2 Rxc1 35. Rxc1 Rc8 36. Rb1 b5 37. axb5 Bxb5+ 38. Bd3 Rc2+ 0-1

[Event "RUS-chTW Premier 2019"]
[Site "Sochi"]
[Date "2019.05.10"]
[Round "9.14"]
[White "Dordzhieva, Dinara"]
[Black "Zakharova, Viktoriya"]
[Result "1-0"]
[ECO "D02"]
[WhiteElo "2280"]
[BlackElo "1926"]
[Annotator "NA"]
[PlyCount "75"]
[EventDate "2019.05.01"]
[EventType "team-tourn"]
[EventCountry "RUS"]
[SourceTitle "playchess.com"]
[Source "ChessBase"]
[SourceQuality "1"]
[TimeControl "40/5400+30:1800+30"]

1. d4 d5 2. Nf3 Nf6 3. Bf4 e6 4. e3 c5 5. c3 Nc6 6. Nbd2 Be7 7. h3 a6 {[%emt 0:03:33] D02: 1 d4 d5 2 Nf3 sidelines, including 2...Nf6 3 g3 and 2...Nf6 3 Bf4} (7... Bd6 8. dxc5 Bxc5 9. Bd3 O-O 10. O-O Bd6 11. Bxd6 Qxd6 12. e4 Rd8 13. Bc2 dxe4 14. Nxe4 Qe7 15. Qe2 {1-0 (67) So,W (2778)-Caruana,F (2816) Paris 2018}) 8. Bd3 b6 9. O-O Bb7 10. Qe2 O-O 11. Bh2 g6 $146 ({Predecessor:} 11... b5 12. Rac1 Qb6 13. Ne5 Nxe5 14. Bxe5 Rfe8 15. Bxf6 Bxf6 16. f4 b4 17. Nf3 g6 {½-½ (80) Pomes Marcet,J (2410)-Solozhenkin,E (2515) Barcelona 1993}) 12. Rad1 Nd7 13. a3 Re8 14. Rfe1 Bf8 15. dxc5 Nxc5 16. Bb1 Qe7 17. e4 Na4 18. Nb3 Rad8 19. exd5 Rxd5 $11 20. Rxd5 exd5 21. Qd2 Qd8 22. Rd1 h6 23. Bf4 Kh7 24. h4 d4 25. cxd4 Qd5 26. Nc1 Bg7 27. Ba2 Qf5 28. Bg3 Rd8 29. Ne2 Ne7 30. Ne5 Nd5 31. Bb1 Qe6 32. h5 Ne7 33. hxg6+ fxg6 34. Nf4 Qxe5 35. dxe5 Rxd2 36. Rxd2 Bc8 37. Nxg6 Nxg6 38. Rd6 1-0